 Dungeon Crawl Stone Soup version 0.21.1-1-g345015f (webtiles) character file.

39 inc the Conjurer (level 3, 14/14 HPs)
             Began as a Felid Venom Mage on Mar 4, 2018.
             Was an Initiate of Ru.
             Quit the game on level 3 of the Dungeon.
             The game lasted 00:05:41 (2103 turns).

inc the Conjurer (Felid Venom Mage)                 Turns: 2103, Time: 00:05:42

Health: 14/14      AC:  1    Str:  4    XL:     3   Next: 28%
Magic:  7/7        EV: 18    Int: 17    God:    Ru [......]
Gold:   150        SH:  0    Dex: 16    Spells: 5/6 levels left
                                        Lives:  0   Deaths: 1

rFire    . . .     SeeInvis +   (weapon unavailable)
rCold    . . .     Gourm    .   (shield unavailable)
rNeg     . . .     Faith    .   (armour unavailable)
rPois    .         Spirit   .   (helmet unavailable)
rElec    .         Reflect  .   (cloak unavailable)
rCorr    .         Harm     .   (gloves unavailable)
MR       .....                  (boots unavailable)
Stlth    +++.......             (no amulet)
HPRegen  0.04/turn              (no ring)
MPRegen  0.10/turn              (no ring)

@: quick
A: very small, no armour, no weapons or thrown items, stealth, claws 1, fangs 3,
see invisible, carnivore, speed 1, shaggy fur 1, slow metabolism 1, sharp paws
a: Renounce Religion


You were on level 3 of the Dungeon.
You worshipped Ru.
Ru was noncommittal.
You were not hungry.

You visited 1 branch of the dungeon, and saw 3 of its levels.

You collected 150 gold pieces.

Inventory:

Jewellery
 i - an uncursed amulet of harm {unknown}
Scrolls
 d - a scroll of teleportation {unknown}
 e - 2 scrolls of identify {unknown}
 f - a scroll of fog {unknown}
 h - a scroll of remove curse {unknown}
 k - a scroll of immolation {unknown}
Books
 a - a Young Poisoner's Handbook

   Spells                             Type                      Level
   a - Sting                          Conjuration/Poison           1
   b - Poisonous Vapours              Poison/Air                   2
   c - Mephitic Cloud                 Conjuration/Poison/Air       3
   d - Olgreb's Toxic Radiance        Poison                       4
   e - Venom Bolt                     Conjuration/Poison           5
Comestibles
 b - 4 rations


   Skills:
 - Level 2.6 Dodging
 - Level 2.6 Stealth
 - Level 2.0 Spellcasting
 + Level 3.8 Conjurations
 - Level 2.6 Poison Magic


You had 5 spell levels left.
You knew the following spells:

 Your Spells              Type           Power        Failure   Level  Hunger
a - Sting                 Conj/Pois      ##..         4%          1    #......


Dungeon Overview and Level Annotations

Branches:
Dungeon (3/15)

Altars:
Ru

Annotations:
D:2 Terence


Innate Abilities, Weirdness & Mutations

You cannot wear armour.
You are incapable of wielding weapons or throwing items.
Your paws allow you to move quietly. (Stealth)
You have sharp claws.
You have razor-sharp teeth.
You have supernaturally acute eyesight. (SInv)
You are carnivorous and can eat meat at any time.
You cover ground quickly.
You are covered in fur. (AC +1)
You have a slow metabolism.
Your sharp claws are effective at attacking unaware monsters.


Message History

Aim: an adder (almost dead, poisoned)
Okay, then.
It was a potion of brilliance.
You feel clever all of a sudden.
* * * LOW HITPOINT WARNING * * *
You feel sick.
You kill the adder!
It was a potion of haste.
You feel yourself speed up.
It was a potion of resistance.
You feel protected.
You die...
You feel sick.
You are now level 3!
You rejoin the land of the living...
Found a scroll labeled FIJEK BAMAQ and a scroll labeled COWOMN QYEPLERUWN.
You aren't carrying any potions.
Autopickup is now off.
Unknown command.
Autopickup is now on.
Are you sure you want to abandon this character and quit the game? (Confirm with "yes".)

####### . ...... ..
..... ...#####.... #
...[....#....
##########...#####.#....
.....?.......#####.#....
.......@?..........#....
...........#.#.#####....
############.#..........
# #............
#.......... ##..........
#.<.#.....#.
#.#...###.†.
#.###..##.##


There were no monsters in sight!

Vanquished Creatures
  6 adders
  A worm (D:2)
  A leopard gecko (D:1)
  4 giant cockroaches
  4 goblins
  A hobgoblin (D:1)
  5 jackals
  5 kobolds
  A quokka (D:3)
  A bat (D:2)
  A frilled lizard (D:2)
  3 rats (D:1)
33 creatures vanquished.

Notes
Turn   | Place    | Note
-------+----------+-------------------------------------------
     0 | D:1      | inc the Felid Venom Mage began the quest for the Orb.
     0 | D:1      | Reached XP level 1. HP: 7/7 MP: 4/4
    12 | D:1      | Reached skill level 1 in Conjurations
   314 | D:1      | Reached XP level 2. HP: 11/11 MP: 1/6
   378 | D:1      | Reached skill level 2 in Conjurations
   894 | D:2      | Reached XP level 3. HP: 14/14 MP: 1/7
   989 | D:2      | Reached skill level 3 in Conjurations
  1391 | D:2      | Found a sacrificial altar of Ru.
  1404 | D:2      | Became a worshipper of Ru the Awakened
  1678 | D:2      | Reached XP level 4. HP: 18/18 MP: 5/8
  1839 | D:2      | Noticed Terence
  2102 | D:3      | Succumbed to an adder's poison
  2103 | D:3      | Reached XP level 3. HP: 0/14 MP: 2/7
  2103 | D:3      | Quit the game

Skill      XL: |  1  2  3 |
---------------+----------+-----
Conjurations   | 1 2 3 |  3.8
Dodging        | |  2.6
Stealth        | |  2.6
Spellcasting   | |  2.0
Poison Magic   | |  2.6

Action                   |  1- 3 |  4- 6 || total
-------------------------+-------+-------++-------
Melee: Unarmed           |     7 |       ||     7
       Bite              |     1 |       ||     1
 Cast: Sting             |    78 |    14 ||    92
  Use: Potion            |       |     3 ||     3
  Eat: Chunk             |     6 |     1 ||     7
Armor: Skin              |     1 |     1 ||     2
Dodge: Dodged            |    20 |     8 ||    28
